 Dungeon Crawl Stone Soup version 0.27-a0-421-g7ddf969dea (webtiles) character file.

Game seed: 13452506606750438135

39 sanka the Chopper (level 3, -1/31 (33) HPs)
             Began as a Palentonga Abyssal Knight on Feb 26, 2021.
             Was a Believer of Lugonu.
             Slain by a hobgoblin (5 damage)
             ... led by Robin
             ... on level 2 of the Dungeon.
             The game lasted 00:01:02 (1383 turns).

sanka the Chopper (Palentonga Abyssal Knight)       Turns: 1383, Time: 00:01:02

HP:   -1/31 (33)    AC:  4    Str: 16    XL:     3   Next: 28%
MP:   4/4           EV:  9    Int: 12    God:    Lugonu [**....]
Gold: 62            SH:  0    Dex:  9    Spells: 2/2 levels left

rFire    . . .     SeeInvis +   a - +1 hand axe
rCold    . . .     Faith    .   (no shield)
rNeg     . . .     Spirit   .   b - +0 leather armour
rPois    .         Reflect  .   (no helmet)
rElec    .         Harm     .   (no cloak)
rCorr    .         Rampage  .   (no gloves)
Will     .....                  (no barding)
Stlth    +.........             (no amulet)
HPRegen  0.10/turn              (no ring)
MPRegen  0.09/turn              (no ring)

@: drained
A: large, rugged brown scales 3, see invisible, deformed body, roll 1, armoured
tail
a: Rolling Charge, Renounce Religion, Depart the Abyss, Bend Space


You were on level 2 of the Dungeon.
You worshipped Lugonu.
Lugonu was pleased with you.
You visited 1 branch of the dungeon, and saw 2 of its levels.
You visited the Abyss 1 time.

You collected 62 gold pieces.


Innate Abilities, Weirdness & Mutations

You are completely covered in rugged brown scales. (AC +3, +7% HP)
You have supernaturally acute eyesight. (SInv)
Armour fits poorly on your strangely shaped body.
You can roll at nearby foes to attack.
You have a long armoured tail.


   Skills:
 - Level 3.0 Fighting
 + Level 3.8 Axes
 - Level 1.5 Armour
 - Level 0.7 Dodging
 - Level 2.0 Invocations


You had 2 spell levels left.
You didn't know any spells.
Your spell library was empty.

Inventory:

Hand Weapons
 a - a +1 hand axe (weapon)
Armour
 b - a +0 leather armour (worn)
Scrolls
 e - 5 scrolls of identify {unknown}
 f - a scroll of magic mapping {unknown}
Potions
 c - a potion of magic {unknown}
 d - a potion of degeneration {unknown}

Dungeon Overview and Level Annotations

Branches:
Dungeon (2/15)

Altars:

Annotations:
D:2 Robin

▒..▒ ▒..▒ ▒..▒
▒▒▒▒▒ ▒..▒ ▒....
▒..▒ ▒
▒....▒▒▒▒▒..▒▒.▒
+.........>g.g.▒
▒.........Hg▒
▒▒▒.....▒▒▒†▒▒▒
........▒▒▒.▒▒
.............▒
........▒▒▒..▒
........▒ ▒..▒
........▒▒▒..▒▒▒.▒
.▒▒▒.............▒
▒..▒▒▒▒▒..▒▒▒.▒


You could see Robin, a hobgoblin (strong) and a goblin.


Message History

* * * LOW HITPOINT WARNING * * *
Robin roars a battlecry!
The goblins go into a battle-frenzy!
You barely miss the hobgoblin.
The hobgoblin is heavily wounded.
The hobgoblin closely misses you. Robin throws the goblin at you!
* * * LOW HITPOINT WARNING * * *
The goblin closely misses you.
Unknown command.
You closely miss the hobgoblin.
The hobgoblin is heavily wounded.
You hit the goblin.
You kill the goblin!
Lugonu accepts your kill. The hobgoblin closely misses you.
Unknown command.
You barely miss the hobgoblin.
The hobgoblin is heavily wounded.
You hit Robin.
A goblin comes into view.
Robin hits you with a +0 club.
* * * LOW HITPOINT WARNING * * *
The hobgoblin hits you.
* * * LOW HITPOINT WARNING * * *
You hit the hobgoblin.
The hobgoblin is almost dead.
You hit Robin. The hobgoblin hits you.
You die...

Action                   || total
-------------------------++-------
Melee: Hand axe          ||    71
       Tailslap          ||     4
Armor: Leather armour    ||    27
Dodge: Dodged            ||    45

Levels and vault maps discovered:
D:1:      lightli_arrival_statue_moat, layout_basic, chequers_jeans
D:2:      layout_basic, dk_noncrumbling_2, minmay_pentomino_x4, uniq_terence,
          uniq_robin

Notes
Turn   | Place    | Note
-------+----------+-------------------------------------------
     0 | Abyss:1  | sanka the Palentonga Abyssal Knight began the quest for the
                  | Orb.
     0 | Abyss:1  | Reached XP level 1. HP: 20/20 MP: 2/2
    25 | D:1      | Escaped the Abyss
    88 | D:1      | Reached XP level 2. HP: 8/27 MP: 3/3
   395 | D:1      | Reached skill level 3 in Axes
   809 | D:1      | Reached ** piety under Lugonu
  1208 | D:1      | Reached XP level 3. HP: 28/30 MP: 4/4
  1373 | D:2      | Noticed Robin
  1382 | D:2      | HP: 3/31 [hobgoblin[Robin] (3)]
  1383 | D:2      | Slain by a hobgoblin

Vanquished Creatures
  2 dart slugs (D:1)
  2 leopard geckos
  3 hobgoblins
  4 jackals (D:1)
  4 kobolds (D:1)
  3 bats
  7 goblins
  4 rats (D:1)
29 creatures vanquished.
